 Dungeon Crawl Stone Soup version 0.29.1-15-g9cfb28693d (webtiles) character file.

Game seed: 9267958640020963099

2732 firemarshallily the Covert (level 9, -9/62 HPs)
             Began as an Octopode Brigand on Mar 9, 2023.
             Was an Elder of Uskayaw.
             Mangled by an ogre
             ... wielding a +0 halberd
              (23 damage)
             ... in a bailey.
             The game lasted 00:18:02 (7187 turns).

firemarshallily the Covert (Octopode Brigand)       Turns: 7187, Time: 00:18:02

Health: -9/62      AC:  1    Str: 10    XL:     9   Next: 67%
Magic:  9/9        EV: 17    Int: 14    God:    Uskayaw [****..]
Gold:   448        SH:  0    Dex: 17    Spells: 8/8 levels left

rFire   . . .      SeeInvis .   C - +6 scimitar (vamp)
rCold   . . .      Faith    .   (no shield)
rNeg    . . .      Spirit   .   (helmet restricted)
rPois   .          Reflect  .   v - amulet of regeneration
rElec   .          Harm     .   d - +4 ring of evasion
rCorr   +          Rampage  .   i - ring of resist corrosion
Will    .....                   (no ring)
Stlth   ++++++....              (no ring)
HPRegen 1.00/turn               (no ring)
MPRegen 0.11/turn               (no ring)
                                (no ring)
                                (no ring)

@: no status effects
A: almost no armour, amphibious, 8 rings, camouflage 1, gelatinous body 1,
(nimble swimmer 1), tentacles, antennae 1, subdued magic 1
a: Renounce Religion, Stomp, Line Pass


You were in a bailey.
You worshipped Uskayaw.
Uskayaw was noncommittal.
You visited 2 branches of the dungeon, and saw 9 of its levels.
You also visited: Bailey.

You collected 448 gold pieces.

Inventory:

Hand Weapons
 a - a +2 dagger of electrocution
 l - a +1 vampiric dagger
 o - a +2 dagger of draining
 q - the +5 trident of Incongruity {freeze, rPois Will+ rCorr}
   (You found it on level 5 of the Dungeon)

   It freezes those it strikes, dealing additional cold damage.
   It can also slow down cold-blooded creatures.
   rPois:     It protects you from poison.
   rCorr:     It protects you from acid and corrosion.
   Will:      It increases your willpower.
 C - a +6 vampiric scimitar (weapon)
Missiles
 b - 13 poisoned darts
 c - 3 curare-tipped darts
 e - 3 boomerangs (quivered)
 n - 2 throwing nets
 t - 6 atropa-tipped darts
 y - 4 javelins
Jewellery
 d - a +4 ring of evasion (left tentacle)
 i - a ring of resist corrosion (right tentacle)
 v - an amulet of regeneration (around mantle)
 A - a ring of ice
Scrolls
 f - 3 scrolls of identify
 h - 2 scrolls of blinking
 m - 3 scrolls of fear
 p - 2 scrolls of teleportation
 r - 2 scrolls of immolation
 u - a scroll of enchant armour
Potions
 g - 2 potions of mutation
 k - 3 potions of lignification
 s - a potion of might
 w - a potion of berserk rage
 x - 3 potions of curing
 z - a potion of ambrosia
 B - a potion of flight


   Skills:
 + Level 6.0 Fighting
 * Level 8.5 Short Blades
 - Level 2.0 Throwing
 - Level 1.0 Dodging
 * Level 12.6 Stealth


You had 8 spell levels left.
You didn't know any spells.
Your spell library contained the following spells:

 Spells                   Type           Power      Damage    Failure   Level
 Foxfire                  Conj/Fire      0%         2x1d4     24%         1
 Summon Small Mammal      Summ           0%         N/A       24%         1
 Call Canine Familiar     Summ           0%         N/A       61%         3
 Conjure Flame            Conj/Fire      0%         6-21      61%         3
 Inner Flame              Hex/Fire       0%         N/A       61%         3
 Summon Guardian Golem    Hex/Summ       0%         N/A       61%         3
 Flame Wave               Conj/Fire      0%         2d4       95%         4
 Iskenderun's Battlesphe  Conj           0%         2d6       100%        5
 Iron Shot                Conj/Erth      0%         9d1       100%        6
 Spellforged Servitor     Conj/Summ      0%         N/A       100%        7
 Borgnjor's Revivificati  Necr           0%         N/A       100%        8
 Necromutation            Tmut/Necr      0%         N/A       100%        8
 Death's Door             Necr           0%         N/A       100%        9


Dungeon Overview and Level Annotations

Branches:
Dungeon (8/15)             Temple (1/1) D:7          Bailey (1/1)
   Lair: D:8-11

Altars:
Ashenzari
Cheibriados
Dithmenos
Elyvilon
Fedhas
Gozag
Hepliaklqana
Kikubaaqudgha
Makhleb
Nemelex Xobeh
Okawaru
Qazlal
Ru
Trog
Uskayaw
Vehumet
Wu Jian
Xom
Yredelemnul
Zin
The Shining One

Shops:
D:7 [   D:8 *

Annotations:
D:3 Sigmund


Innate Abilities, Weirdness & Mutations

You cannot wear most types of armour.
You are amphibious.
You can wear up to eight rings at the same time.
Your skin changes colour to match your surroundings (Stealth+).
Your rubbery body absorbs attacks. (AC +1, EV +1)
((You are camouflaged when in or above water. (Stealth+)))
You have tentacles for arms and can constrict up to eight enemies at once.
You have a pair of small antennae on your head.
Your spells are a little easier to cast, but a little less powerful.


Message History

The ogre hits you from afar with a +0 halberd.
You slash the spriggan!
You feel better.
Your grab misses the spriggan. Your squeeze misses the spriggan.
The spriggan is severely wounded.
You constrict the spriggan. The spriggan misses you. x2
You slash the spriggan!
You feel better.
You kill the spriggan!
You constrict the spriggan. The ogre barely misses you.
The spriggan hits you with a +0 trident!
You can now pass through a line of other dancers.
You barely miss the spriggan.
The spriggan is moderately wounded.
You constrict the spriggan. The spriggan closely misses you.
The ogre hits you from afar with a +0 halberd!
* * * LOW HITPOINT WARNING * * *
The spriggan barely misses you.
Unknown command.
You feel much better.
You constrict the spriggan. The ogre closely misses you.
The spriggan hits you with a +0 trident!
* * * LOW HITPOINT WARNING * * *
You slash the spriggan!
You feel better.
Your squeeze misses the spriggan.
The spriggan is almost dead.
You constrict the spriggan.
You kill the spriggan!
Uskayaw will force your foes to helplessly watch your dance.
Uskayaw prepares the audience for your solo!
Your Fighting skill increases to level 6!
The ogre is no longer paralysed. x2; The ogre completely misses you.
You barely miss the ogre. The ogre barely misses you.
You slash the ogre!
The ogre is heavily wounded.
The ogre misses you. The ogre hits you with a +0 halberd!!
* * * LOW HITPOINT WARNING * * *
Uskayaw will force your foes to share their pain.
Uskayaw links your audience in an emotional bond!
You slash the ogre!
You kill the ogre!
The ogre is severely wounded.
The ogre hits you with a +0 halberd!!
You die...

#########
##.......#
##.....O...
##....~~~...
##)O♣♣##~♣♣##
.## ##)@##
..## #..#♣
♣i.# #).#
♣..# #..♣
♣..# #..#
#..# #..#
#..# #..#
#..# #..♣#
##..# ##..#♣
##..##


You could see an ogre (pain bonded).

Vanquished Creatures
  3 spriggans (Bailey)
  A steam dragon (D:8)
  An ice beast (D:5)
  A sky beast (D:7)
  8 ogres
  A phantom (D:4)
  A kobold brigand (D:8)
  A necrophage (D:7)
  2 scorpions
  4 wights (D:6)
  A howler monkey (D:6)
  3 hounds
  A jelly (D:5)
  An orc priest (D:7)
  3 gnoll boudas
  8 iguanas
  2 orc wizards
  17 gnolls
  5 adders
  2 ufetubi
  A worm (D:4)
  2 dart slugs (D:2)
  13 orcs
  4 bats
  5 endoplasms
  A giant cockroach (D:1)
  13 goblins
  3 hobgoblins
  9 jackals
  2 quokkas (D:3)
  7 ball pythons
  4 frilled lizards
  10 kobolds
  5 rats
145 creatures vanquished.

Vanquished Creatures (others)
  8 fungi (D:7)
8 creatures vanquished.

Grand Total: 153 creatures vanquished

Notes
Turn   | Place    | Note
-------+----------+-------------------------------------------
     0 | D:1      | firemarshallily the Octopode Brigand began the quest for
                  | the Orb.
     0 | D:1      | Reached XP level 1. HP: 14/14 MP: 1/1
   410 | D:1      | Reached XP level 2. HP: 19/19 MP: 2/2
   550 | D:1      | Found a faded altar of an unknown god.
   765 | D:2      | Reached XP level 3. HP: 22/24 MP: 3/3
   825 | D:2      | Reached skill level 6 in Stealth
  1269 | D:3      | Reached XP level 4. HP: 30/30 MP: 4/4
  2331 | D:3      | Noticed Sigmund
  2349 | D:3      | Gained mutation: You have a pair of small antennae on your
                  | head. [potion of mutation]
  2349 | D:3      | Gained mutation: Your spells are a little easier to cast,
                  | but a little less powerful. [potion of mutation]
  2641 | D:4      | Reached XP level 5. HP: 15/36 MP: 5/5
  2866 | D:4      | Reached skill level 7 in Stealth
  3144 | D:4      | Reached XP level 6. HP: 34/42 MP: 6/6
  3285 | D:5      | Entered Level 5 of the Dungeon
  3499 | D:4      | Reached skill level 8 in Stealth
  3807 | D:5      | Noticed an ice beast
  3847 | D:5      | Identified the +5 trident of Incongruity {freeze, rPois
                  | Will+ rCorr}
  3924 | D:5      | Reached XP level 7. HP: 35/46 MP: 7/7
  3930 | D:5      | Reached skill level 5 in Short Blades
  4267 | D:5      | Reached skill level 9 in Stealth
  4609 | D:5      | Reached XP level 8. HP: 26/54 MP: 8/8
  4972 | D:6      | Reached skill level 10 in Stealth
  5708 | D:7      | Reached skill level 5 in Fighting
  5769 | D:7      | Found Ysoheal's Armour Boutique.
  5902 | D:7      | Reached skill level 11 in Stealth
  5966 | D:7      | Found a staircase to the Ecumenical Temple.
  6066 | Temple   | Entered the Ecumenical Temple
  6307 | Temple   | Became a worshipper of Uskayaw the Reveller
  6368 | D:7      | Reached * piety under Uskayaw
  6369 | D:7      | Reached XP level 9. HP: 61/61 MP: 9/9
  6373 | D:7      | Reached ** piety under Uskayaw
  6376 | D:7      | Reached *** piety under Uskayaw
  6380 | D:7      | Reached **** piety under Uskayaw
  6383 | D:7      | Reached ***** piety under Uskayaw
  6901 | D:8      | Found Zeinucosch's Assorted Antiques.
  6917 | D:8      | Found a flagged portal.
  7045 | Bailey   | Entered a bailey
  7087 | Bailey   | Reached skill level 12 in Stealth
  7187 | Bailey   | Mangled by an ogre

Illustrated notes

Levels and vault maps discovered:
D:1:      saegor_arrival_miasma, layout_basic, ebering_ecumenical_altar_webs
D:2:      layout_rooms
D:3:      cheibrodos_thug_alley, layout_basic, serial_co_window_serial,
          co_window_paths_b, co_window_paths_a, co_window_paths_b,
          co_window_of_opportunity_a, co_window_corner_a, co_window_paths_a,
          co_window_paths_b, co_window_broadway_c, co_window_2corner,
          co_window_of_opportunity_c, co_window_corner_b, co_window_4corner_b,
          co_window_sun, glass_columns_c, glass_columns_a, serial_park_tiny_2,
          lightli_corner_chamber, uniq_sigmund
D:4:      layout_cave_pools, minmay_close_crescents
D:5:      layout_basic, grunt_ministairs_13, minmay_ogre_servants
D:6:      layout_loops_ring, minmay_quadrilaterals
D:7:      layout_basic, minmay_temple_entry_nine_rooms, serial_shops,
          shop_statue, serial_rivers, chequers_serial_rivers_large_a,
          chequers_serial_rivers_micro_c, chequers_serial_rivers_micro_b,
          chequers_serial_rivers_small_a, dreamdust_mushroom_princess
D:8:      layout_loops_ring, erik_lair_dragon, enter_bailey_6, serial_shops,
          nicolae_inconvenience_store, small_statue_intersection
Temple:   mainiacjoe_temple_hex_bubbles
Bailey:   bailey_polearm_enchanted_keep_hellmonk, bailey

Skill      XL: |  1  2  3  4  5  6  7  8  9 |
---------------+----------------------------+-----
Stealth        | 6 7 8 9 11 12 | 12.6
Short Blades   | 3 4 5 7 8 |  8.5
Fighting       | 3 4 5 6 |  6.0
Throwing       | |  2.0
Dodging        | |  1.0

Action                   |  1- 3 |  4- 6 |  7- 9 || total
-------------------------+-------+-------+-------++-------
Melee: Dagger            |    52 |    90 |   167 ||   309
       Constrict         |    13 |    17 |    30 ||    60
       Tentacles         |    13 |    14 |    38 ||    65
       Punch             |       |     1 |     1 ||     2
       Scimitar          |       |       |     8 ||     8
Throw: Boomerang         |     5 |     2 |     4 ||    11
  Use: Scroll            |       |     9 |     6 ||    15
       Potion            |       |     2 |     3 ||     5
 Stab: Sleeping          |    11 |    12 |    16 ||    39
       Distracted        |       |       |     3 ||     3
       Paralysed         |       |       |     5 ||     5
Armor: Skin              |     1 |     5 |     2 ||     8
Dodge: Dodged            |    25 |    60 |   111 ||   196
